 Dungeon Crawl Stone Soup version 0.29.1-12-g30fa7ad0bf (webtiles) character file.

Game seed: 12432855521262637993

1661 EarthwalkerPL the Shield-Bearer (level 8, -2/71 HPs)
             Began as a Minotaur Fighter on Dec 23, 2022.
             Was a Believer of Okawaru.
             Succumbed to a killer bee's poison
             ... on level 7 of the Dungeon.
             The game lasted 00:08:25 (6527 turns).

EarthwalkerPL the Shield-Bearer (Minotaur Fighter)  Turns: 6527, Time: 00:08:26

Health: -2/71      AC: 10    Str: 23    XL:     8   Next: 69%
Magic:  7/7        EV: 11    Int: 11    God:    Okawaru [**....]
Gold:   264        SH:  5    Dex: 10    Spells: 7/7 levels left

rFire   + . .      SeeInvis .   a - +0 war axe
rCold   . . .      Faith    .   c - +0 buckler
rNeg    . . .      Spirit   .   b - +0 scale mail
rPois   .          Reflect  .   f - +0 hat
rElec   .          Harm     .   (no cloak)
rCorr   .          Rampage  .   z - +1 pair of gloves "Kasad" {rF+ Will++}
Will    ++...                   (no boots)
Stlth   ..........              (no amulet)
HPRegen 0.21/turn               l - +6 ring of intelligence
MPRegen 0.10/turn               (no ring)

@: lethally poisoned (-2 -> -14)
A: horns 2, retaliatory headbutt
a: Renounce Religion, Heroism


You were on level 7 of the Dungeon.
You worshipped Okawaru.
Okawaru was pleased with you.
You visited 2 branches of the dungeon, and saw 8 of its levels.

You collected 264 gold pieces.

Inventory:

Hand Weapons
 a - a +0 war axe (weapon)
Missiles
 e - 23 stones (quivered)
 s - 13 poisoned darts
 C - 2 javelins
Armour
 b - a +0 scale mail (worn)
 c - a +0 buckler (worn)
 f - a +0 hat (worn)
 z - the +1 pair of gloves "Kasad" (worn) {rF+ Will++}
   (You found it on level 5 of the Dungeon)

   rF:        It protects you from fire.
   Will:      It greatly increases your willpower.
Jewellery
 l - a +6 ring of intelligence (left hand)
Wands
 y - a wand of paralysis (6)
Scrolls
 h - a scroll of vulnerability {unknown}
 i - 5 scrolls of identify {unknown}
 k - 2 scrolls of magic mapping {unknown}
 m - a scroll of silence {unknown}
 n - 7 scrolls of teleportation {unknown}
 r - 3 scrolls of summoning {unknown}
 u - 4 scrolls of immolation {unknown}
 D - 3 scrolls of enchant weapon {unknown}
 E - a scroll of enchant armour {unknown}
 F - a scroll of poison {unknown}
Potions
 d - 2 potions of might
 g - 4 potions of haste {unknown}
 j - 7 potions of curing {unknown}
 o - 3 potions of mutation {unknown}
 p - 2 potions of lignification {unknown}
 q - a potion of flight {unknown}
 t - a potion of resistance {unknown}
 v - 2 potions of degeneration {unknown}
 w - a potion of cancellation {unknown}
 x - a potion of berserk rage {unknown}
 A - a potion of brilliance {unknown}
 B - a potion of heal wounds {unknown}


   Skills:
 * Level 6.9 Fighting
 * Level 6.3 Axes
 * Level 6.9 Armour
 * Level 5.2 Dodging
 * Level 7.0 Shields


You had 7 spell levels left.
You didn't know any spells.
Your spell library contained the following spells:

 Spells                   Type           Power      Damage    Failure   Level
 Ensorcelled Hibernation  Hex/Ice        0%         N/A       83%         2
 Passwall                 Tmut/Erth      0%         N/A       83%         2
 Swiftness                Air            0%         N/A       97%         3


Dungeon Overview and Level Annotations

Branches:
Dungeon (7/15)             Temple (1/1) D:6

Altars:
Ashenzari
Cheibriados
Dithmenos
Elyvilon
Fedhas
Hepliaklqana
Kikubaaqudgha
Makhleb
Nemelex Xobeh
Okawaru
Qazlal
Sif Muna
Trog
Uskayaw
Vehumet
Wu Jian
Yredelemnul
Zin
The Shining One

Shops:
D:3 *   D:4 (


Innate Abilities, Weirdness & Mutations

You have a pair of horns on your head.
You reflexively headbutt those who attack you in melee.


Message History

You barely miss the ogre.
The ogre is severely wounded.
You feel sick. You block the gnoll's attack.
You slash the ogre!
You kill the ogre!
Okawaru accepts your kill.
You feel sick.
The killer bee stings you but does no damage.
The gnoll hits you from afar with a +0 spear.
* * * LOW HITPOINT WARNING * * *
The killer bee barely misses you.
You miss the killer bee.
You feel sick. You block the killer bee's attack. The gnoll closely misses you.
The killer bee barely misses you.
You barely miss the killer bee.
You feel sick. The killer bee stings you.
* * * LOW HITPOINT WARNING * * *
The killer bee stings you but does no damage.
The gnoll hits you but does no damage. The gnoll completely misses you.
The killer bee stings you but does no damage.
You barely miss the killer bee. You headbutt the killer bee.
The killer bee is heavily wounded.
You feel sick.
You are no longer poisoned.
The killer bee stings you.
* * * LOW HITPOINT WARNING * * *
You are lethally poisoned!
The killer bee poisons you! The killer bee stings you.
* * * LOW HITPOINT WARNING * * *
You are more poisoned.
The killer bee poisons you! You block the gnoll's attack.
You closely miss the killer bee.
The killer bee is heavily wounded.
* * * LOW HITPOINT WARNING * * *
You feel very sick. The killer bee barely misses you. You furiously retaliate!
You headbutt the killer bee!
You kill the killer bee!
Okawaru accepts your kill. You block the gnoll's attack.
Your Shields skill increases to level 7!
You die...

## #.. ...
#.###
########.....
###............
........g......
.....#@# .#
#####..#.##.#
.......††...#
.........#....#
.........##.#.#
.........# .# #
.........# #
######..## ##<#


You could see a gnoll.

Vanquished Creatures
  Prince Ribbit (D:5)
  An ice beast (D:7)
  A sky beast (D:6)
  3 ogres
  A black bear (D:5)
  A centaur (D:4)
  A kobold brigand (D:6)
  2 necrophages
  A scorpion (D:5)
  4 killer bees (D:7)
  3 jellies
  2 hounds
  Ijyb (D:5)
  4 iguanas
  8 adders
  A white imp (D:6)
  2 ufetubi (D:5)
  2 worms (D:2)
  A dart slug (D:1)
  8 orcs
  7 ball pythons
  5 bats
  3 endoplasms
  6 giant cockroaches
  5 goblins
  8 hobgoblins
  11 jackals
  5 quokkas
  A frilled lizard (D:3)
  10 kobolds
  A rat (D:1)
110 creatures vanquished.

Notes
Turn   | Place    | Note
-------+----------+-------------------------------------------
     0 | D:1      | EarthwalkerPL the Minotaur Fighter began the quest for the
                  | Orb.
     0 | D:1      | Reached XP level 1. HP: 19/19 MP: 0/0
   132 | D:1      | Reached XP level 2. HP: 24/27 MP: 1/1
   445 | D:1      | Reached skill level 1 in Dodging
   771 | D:1      | Reached skill level 4 in Shields
   777 | D:1      | Reached XP level 3. HP: 33/33 MP: 2/2
  1592 | D:3      | Found a stormy altar of Qazlal.
  1682 | D:3      | Reached XP level 4. HP: 40/40 MP: 3/3
  1735 | D:3      | Found Sanocaru's Assorted Antiques.
  2047 | D:3      | Found a blossoming altar of Fedhas.
  2271 | D:3      | Found an ornate altar of the Wu Jian Council.
  2299 | D:3      | Found a faded altar of an unknown god.
  2372 | D:3      | Noticed an ogre
  2382 | D:3      | Killed an ogre
  2383 | D:3      | Reached XP level 5. HP: 9/47 MP: 4/4
  2837 | D:4      | Noticed a centaur
  2843 | D:4      | Killed a centaur
  2844 | D:4      | Reached XP level 6. HP: 33/55 MP: 5/5
  3203 | D:4      | Reached skill level 5 in Shields
  3387 | D:4      | Reached skill level 5 in Fighting
  3387 | D:4      | Reached skill level 5 in Armour
  3427 | D:4      | Found Hiwauj's Antique Weapon Emporium.
  3585 | D:4      | Found a glowing golden altar of the Shining One.
  3796 | D:4      | Found an iron altar of Okawaru.
  3809 | D:4      | Became a worshipper of Warmaster Okawaru
  4046 | D:5      | Entered Level 5 of the Dungeon
  4229 | D:5      | Noticed Ijyb
  4236 | D:5      | Paralysed by Ijyb for 5 turns
  4242 | D:5      | Killed Ijyb
  4502 | D:5      | Noticed Prince Ribbit
  4517 | D:5      | Killed Prince Ribbit
  4518 | D:5      | Reached XP level 7. HP: 37/61 MP: 6/6
  4693 | D:5      | Identified the +1 pair of gloves "Kasad" {rF+ Will++}
  4715 | D:5      | Found a white marble altar of Elyvilon.
  4716 | D:5      | Found a burning altar of Makhleb.
  4775 | D:5      | Reached * piety under Okawaru
  4776 | D:5      | Reached skill level 5 in Axes
  5062 | D:5      | Reached skill level 6 in Shields
  5263 | D:6      | Reached XP level 8. HP: 70/70 MP: 7/7
  5824 | D:6      | Found a snail-covered altar of Cheibriados.
  5837 | D:6      | Found a staircase to the Ecumenical Temple.
  5864 | Temple   | Entered the Ecumenical Temple
  6460 | D:7      | Reached ** piety under Okawaru
  6518 | D:7      | Reached skill level 5 in Dodging
  6526 | D:7      | HP: 1/71 [poisoned by a killer bee]
  6527 | D:7      | Reached skill level 7 in Shields
  6527 | D:7      | Succumbed to a killer bee's poison

Illustrated notes

Levels and vault maps discovered:
D:1:      elethiomel_arrival_infinity_welcomes_careful_drivers, layout_basic,
          corexii_hall_statues_x, chequers_serial_rivers_marsh,
          minmay_misc_feat_plants
D:2:      layout_basic
D:3:      layout_basic, mainiacjoe_overflow_concentric_impassable,
          mainiacjoe_overflow_paths, nicolae_wu_jian_immortal_techniques,
          serial_glass, glass_columns_c, glass_columns_b, serial_shops,
          shop_fountains, basic_ecumenical_altar
D:4:      layout_basic, mainiacjoe_overflow_two_lobes, serial_shops,
          nicolae_shop_stone
D:5:      layout_cave_pods, mainiacjoe_overflow_divided_tiny, uniq_ijyb,
          uniq_prince_ribbit1, uniq_crazy_yiuf_cottage
D:6:      layout_basic, overflow_temple_1_default, minmay_temple_entry_trees
D:7:      layout_rooms, mainiacjoe_overflow_tiny_flanked, serial_shops,
          nicolae_shop_waterfront, patterned_corridor
Temple:   bh_familiar_temple

Skill      XL: |  1  2  3  4  5  6  7  8 |
---------------+-------------------------+-----
Dodging        | 1 2 3 4 5 |  5.2
Armour         | 4 5 6 |  6.9
Shields        | 4 5 6 7 |  7.0
Fighting       | 4 5 6 |  6.9
Axes           | 3 4 5 6 |  6.3

Action                   |  1- 3 |  4- 6 |  7- 9 || total
-------------------------+-------+-------+-------++-------
Melee: War axe           |    75 |   115 |   109 ||   299
       Headbutt          |    15 |     8 |    16 ||    39
Throw: Stone             |       |    10 |    10 ||    20
Armor: Scale mail        |    34 |    43 |    60 ||   137
Dodge: Dodged            |    30 |    53 |    67 ||   150
Block: Buckler           |    12 |    27 |    34 ||    73
